 Dungeon Crawl Stone Soup version 0.17.2-1-ge4368a0 (webtiles) character file.

65 Goblin1989 the Vexing (level 3, -1/24 HPs)
             Began as a Vampire Enchanter on Aug 23, 2018.
             Killed from afar by an orc wizard (9 damage)
             ... with a puff of flame
             ... on level 3 of the Dungeon.
             The game lasted 00:08:07 (2906 turns).

Goblin1989 the Vexing (Vampire Enchanter)           Turns: 2906, Time: 00:08:08

Health: -1/24      AC:  3    Str:  7    XL:     3   Next: 92%
Magic:  0/6        EV: 12    Int: 18    God:
Gold:   22         SH:  0    Dex: 14    Spells: 3 memorised, 0 levels left

rFire  . . .     SeeInvis +     a - +1 dagger
rCold  + + .     Clarity  .     b - +1 robe
rNeg   + + +     SustAt   .     (no shield)
rPois  ∞         Gourm    .     (no helmet)
rElec  .         Spirit   .     (no cloak)
rCorr  .         Warding  .     (no gloves)
rMut   .         Stasis   .     (no boots)
MR     .....                    (no amulet)
Stlth  ++........               (no ring)
                                (no ring)

@: confused, very slightly contaminated, bloodless, non-regenerating, not
resistant to hostile enchantments, unstealthy
A: fangs 3, see invisible, unbreathing
a: Bat Form


You were on level 3 of the Dungeon.
You were bloodless.

You visited 1 branch of the dungeon, and saw 3 of its levels.

You collected 22 gold pieces.

Inventory:

Hand Weapons
 a - a +1 dagger (weapon)
Armour
 b - a +1 robe (worn)
Scrolls
 f - 2 scrolls of remove curse {unknown}
 R - a scroll of identify {@r1}
 T - a scroll of teleportation
Potions
 g - 2 potions of lignification {unknown}
 h - a potion of heal wounds {unknown}
 j - a potion of brilliance
 l - a potion of ambrosia {unknown}
Books
 c - a book of Maledictions

   Spells                             Type                      Level
   a - Corona                         Hexes                        1
   b - Ensorcelled Hibernation        Hexes/Ice                    2
   c - Confuse                        Hexes                        3
   d - Tukima's Dance                 Hexes                        3
   e - Dazzling Spray                 Conjuration/Hexes            3


   Skills:
 - Level 1.1 Short Blades
 - Level 2.1 Dodging
 + Level 5.6 Stealth
 - Level 2.0 Spellcasting
 * Level 6.2 Hexes


You couldn't memorise any spells.
You knew the following spells:

 Your Spells              Type           Power        Failure   Level  Hunger
a - Corona                Hex            ###....      1%          1    #......
x - Confuse               Hex            ###.....     4%          3    ###....
z - Ensorcelled Hibernat  Hex/Ice        ##....       10%         2    ###....


Dungeon Overview and Level Annotations

Branches:
Dungeon (3/15)

Altars:
Fedhas

Annotations:
D:2 Ijyb, Sigmund
D:3 HaroldButt's ghost, weakling TeAE; Jessica


Innate Abilities, Weirdness & Mutations

You do not heal naturally.
You are immune to poison.
You have razor-sharp teeth.
You have supernaturally acute eyesight.
You can survive without breathing.


Message History

The orc hits you but does no damage.
You bump into the rock wall.
The orc closely misses you. The orc hits you with a club.
You take 2 damage, and have 17/24 hp.
You bump into the rock wall.
You feel less confused. The orc barely misses you.
Unknown command.
You hit the orc but do no damage. The orc hits you but does no damage.
You barely miss the orc. The orc closely misses you.
You hit the orc but do no damage. The orc hits you.
You take 4 damage, and have 13/24 hp.
You barely miss the orc. The orc misses you.
You closely miss the orc. The orc barely misses you.
You hit the orc.
The orc is lightly wounded.
You hit the orc but do no damage.
The orc is lightly wounded.
The orc hits you but does no damage.
You barely miss the orc.
The orc is lightly wounded.
The orc barely misses you.
You barely miss the orc.
The orc is lightly wounded.
The orc hits you.
* * * LOW HITPOINT WARNING * * *
You take 4 damage, and have 9/24 hp.
You barely miss the orc.
The orc is lightly wounded.
The orc closely misses you.
You hit the orc but do no damage. You bite the orc, but do no damage.
The orc is lightly wounded.
The orc closely misses you.
Casting: Ensorcelled Hibernation
Confirm with . or Enter, or press ? or * to list all spells.
Aiming: Ensorcelled Hibernation
Press: ? - help, Shift-Dir - straight line, f - orc
Aim: an orc, wearing a chain mail (lightly wounded, chance to defeat MR: 81%)
The orc looks drowsy...
You now have 4/6 mp.
The helpless orc fails to defend itself.
You bite the orc, and draw its blood!
You feel better.
You feel slightly less thirsty.
You impale the orc!!
You kill the orc!
You regained 3 hp, and now have 12/24 hp.
Casting: Ensorcelled Hibernation
Confirm with . or Enter, or press ? or * to list all spells.
Aiming: Ensorcelled Hibernation
Press: ? - help, Shift-Dir - straight line, f - orc
Aim: an orc, wielding an enchanted hand axe and wearing a ring mail (chance to defeat MR: 81%)
The orc resists with significant effort.
The orc hits you but does no damage.
You now have 2/6 mp.
You hit the orc. Your bite misses the orc.
The orc is moderately wounded.
The orc hits you with an enchanted hand axe.
* * * LOW HITPOINT WARNING * * *
You take 3 damage, and have 9/24 hp.
You see here a club.
Casting: Ensorcelled Hibernation
Confirm with . or Enter, or press ? or * to list all spells.
Aiming: Confuse
Press: ? - help, Shift-Dir - straight line, f - orc wizard
Aim: an orc wizard, wielding a dagger of speed and wearing a robe (chance to defeat MR: 53%)
You miscast Confuse.
You are very lightly contaminated with residual magic.
Strange energies run through your body.
You now have 0/6 mp.
Casting: Confuse
Confirm with . or Enter, or press ? or * to list all spells.
You don't have enough magic to cast that spell.
Unknown command.
You completely miss the orc wizard.
The orc wizard hits you but does no damage.
You hit the orc wizard.
The orc wizard is lightly wounded.
The orc wizard barely misses you.
You closely miss the orc wizard.
The orc wizard is lightly wounded.
The orc wizard hits you but does no damage.
You hit the orc wizard.
The orc wizard is moderately wounded.
The orc wizard hits you but does no damage.
You hit the orc wizard but do no damage.
The orc wizard is moderately wounded.
The orc wizard hits you with a dagger of speed.
* * * LOW HITPOINT WARNING * * *
The orc wizard points at you and mumbles some strange words.
You are confused.
You take 3 damage, and have 6/24 hp.
You hit the orc wizard.
The orc wizard is moderately wounded.
You barely miss the orc wizard. You bite the orc wizard.
You draw the orc wizard's blood!
You feel better.
You feel slightly less thirsty.
The orc wizard is heavily wounded.
The orc wizard hits you but does no damage.
The orc wizard gestures at you while chanting.
The puff of flame hits you!
You die... . .. .█ █████████

█.█. █.█
█oo@....█
█.█.███.█
█o█████.█
█.......███.█
█.█
█.......██o█
█.█
█.......██o█
█.█
█....o..██.█
█.█
█.......██o█
█.█
...█.█...███[█
█.█ ▲.ooo..o█
█.█


You could see an orc wizard and 2 orcs.

Vanquished Creatures
  An adder (D:2)
  A worm (D:2)
  5 giant geckos
  An orc (D:3)
  7 bats
  2 giant cockroaches (D:1)
  4 goblins
  6 hobgoblins
  2 jackals (D:1)
  A giant newt (D:1)
  5 kobolds
  12 rats
47 creatures vanquished.

Notes
Turn   | Place    | Note
--------------------------------------------------------------
     0 | D:1      | Goblin1989 the Vampire Enchanter began the quest for the Orb.
     0 | D:1      | Reached XP level 1. HP: 13/13 MP: 3/3
   259 | D:1      | Reached skill level 5 in Hexes
   259 | D:1      | Reached XP level 2. HP: 4/19 MP: 5/5
   507 | D:1      | Learned a level 2 spell: Ensorcelled Hibernation
   588 | D:1      | Reached skill level 5 in Stealth
  1104 | D:1      | Reached XP level 3. HP: 10/24 MP: 1/6
  2007 | D:2      | Found a blossoming altar of Fedhas.
  2292 | D:2      | Reached skill level 6 in Hexes
  2534 | D:2      | Noticed Sigmund
  2538 | D:2      | Noticed Ijyb
  2558 | D:3      | Noticed Jessica
  2574 | D:3      | Learned a level 3 spell: Confuse
  2610 | D:3      | Noticed HaroldButt's ghost (weakling TeAE)
  2906 | D:3      | Killed from afar by an orc wizard

Action                   || total
-------------------------++-------
Melee: Dagger            ||   197
       Unarmed           ||     1
 Cast: Ensorcelled Hiber ||    24
 Abil: End Transformatio ||     1
       Bat Form          ||     1
  Use: Scroll            ||     4
 Stab: Sleeping          ||    21
       Distracted        ||     2

Vault maps used:
D:1:      sevenhm_arrival_forest_fort_small_6
D:2:      nicolae_tso_carved_into_rock, yredelemnul_forgotten_temple_becter,
          fedhas_altar_1, serial_forest, infiniplex_forest_clump_cross,
          infiniplex_forest_clump_cross, infiniplex_forest_straight_1,
          infiniplex_forest_clump_cross, infiniplex_forest_clump_long,
          infiniplex_forest_straight_3, infiniplex_forest_clump_diagonal,
          infiniplex_forest_end_1, uniq_sigmund, uniq_iyjb
D:3:      makhleb_altar_promises_db, uniq_jessica
